Map: Eastwatch LE

Players

axu

  • Race: Protoss Protoss
  • League: Platinum
  • Spawn Location: 7:00

Axolotl - Winner!

  • Race: Protoss Protoss
  • League: Silver
  • Spawn Location: 1:00

VOD

Have the link to the VOD?

Description

Time

  • Played on: April 24, 2018, 8:40 a.m.
  • Length: 2:21
Show
View Real Time Build Order
Export as new Build Order

axu Protoss 

Build Orders:  

Get SALT Encoding   

  12  0:01  Probe  
  13  0:13  Probe  
  14  0:18  Pylon  
  14  0:25  Probe  
  15  0:37  Probe  
  16  0:46  Gateway  
  16  0:53  Assimilator  
  16  0:56  Probe  
  17  1:01  Assimilator  
  17  1:13  Gateway  
  17  1:23  Probe  
  18  1:36  Probe  
  19  1:46  Cybernetics Core  
  19  1:49  Zealot  
  19  2:00  Probe  
Show
View Real Time Build Order
Export as new Build Order

Axolotl Protoss - Winner!

Build Orders: Cannon Rush 

Get SALT Encoding   

  12  0:00  Probe  
  13  0:13  Probe  
  14  0:17  Pylon  
  14  0:25  Probe  
  15  0:36  Forge  
  15  0:37  Probe  
  16  0:45  Probe  
  17  1:06  Pylon  
  17  1:11  Pylon  
  17  1:19  Pylon  
  17  1:26  Photon Cannon  
  17  1:27  Pylon  
  17  1:34  Photon Cannon  
  17  1:37  Pylon  
  17  1:46  Photon Cannon  
  16  1:58  Probe  
  16  2:06  Probe  
Tags
 
Matchup
PvP
Spawn Locations
Cross Positions
Add a new tag
Caveats
  • Supply blocks, unpowered buildings, or Contaminate may cause inaccurate times.
  • Supply counts are checked every 10 seconds.